 Dungeon Crawl Stone Soup version 0.26.0-18-gc5c842f807 (webtiles) character file.

Game seed: 7113142547776122234

171 gimp the Digger (level 5, -4/40 HPs)
             Began as an Ogre Earth Elementalist on Jan 23, 2021.
             Killed by miscasting Stone Arrow (7 damage)
             ... on level 3 of the Dungeon.
             The game lasted 00:06:43 (2910 turns).

gimp the Digger (Ogre Earth Elementalist)           Turns: 2910, Time: 00:06:44

Health: -4/40      AC:  3    Str: 14    XL:     5   Next: 51%
Magic:  7/10       EV: 10    Int: 17    God:
Gold:   95         SH:  0    Dex:  9    Spells: 7/11 levels left

rFire    . . .     SeeInvis .   d - +4 whip (pain)
rCold    . . .     Faith    .   (no shield)
rNeg     . . .     Spirit   .   c - +1 robe
rPois    .         Reflect  .   (helmet restricted)
rElec    +         Harm     .   (no cloak)
rCorr    .         Rampage  .   (gloves unavailable)
Will     .....                  (boots unavailable)
Stlth    +.........             (no amulet)
HPRegen  0.13/turn              (no ring)
MPRegen  0.12/turn              (no ring)

@: very slightly contaminated
A: large, unfitting armour, deformed body, frail 1, electricity resistance,
strong 1, tough skin 1
a: no special abilities


You were on level 3 of the Dungeon.
You visited 1 branch of the dungeon, and saw 3 of its levels.

You collected 95 gold pieces.

Inventory:

Hand Weapons
 d - a +4 whip of pain (weapon)
 j - a +0 mace
Missiles
 b - 11 stones
 i - 16 poisoned darts
Armour
 c - a +1 robe (worn)
Scrolls
 e - 2 scrolls of remove curse
Potions
 a - a potion of mutation


   Skills:
 - Level 1.7 Dodging
 - Level 1.4 Stealth
 + Level 3.6 Spellcasting
 * Level 0.7 Conjurations
 - Level 2.0 Transmutations
 * Level 4.4 Earth Magic


You had 7 spell levels left.
You knew the following spells:

 Your Spells              Type           Power        Failure   Level
a - Stone Arrow           Conj/Erth      22%          17%         3
b - Sandblast             Erth           36%          2%          1

Your spell library contained the following spells:

 Spells                   Type           Power        Failure   Level
 Passwall                 Tmut/Erth      11%          7%          2
 Petrify                  Tmut/Erth      14%          41%         4
 Lee's Rapid Deconstruct  Erth           9%           58%         5


Dungeon Overview and Level Annotations

Branches:
Dungeon (3/15)

Altars:


Innate Abilities, Weirdness & Mutations

You are too large for most types of armour.
You have tough skin. (AC +1)
Armour fits poorly on your strangely shaped body.
You are frail. (-10% HP)
You are resistant to electric shocks. (rElec)
Your muscles are strong. (Str +2)


Message History

The gnoll closely misses you.
You miss the bat. The bat barely misses you. The gnoll hits you with a +0 whip!
* * * LOW HITPOINT WARNING * * *
You take 12 damage, and have 6/40 hp.
MASSIVE DAMAGE!!
You hit the bat.
You kill the bat!
The gnoll hits you with a +0 whip.
* * * LOW HITPOINT WARNING * * *
You take 3 damage, and have 3/40 hp.
The orc closely misses you.
Casting: Stone Arrow (quite dangerous; 17% risk of failure)
Confirm with . or Enter, or press ? or * to list all spells.
The spell is quite dangerous to cast (17% risk of failure)!
Continue anyway?
Aiming: Stone Arrow (quite dangerous; 17% risk of failure)
Press: ? - help, Shift-Dir - straight line, f - orc
Aim: an orc, wielding a +0 dagger (32% to evade)
You miscast Stone Arrow.
You are very lightly contaminated with residual magic.
The air around you crackles with energy!
You die...

. ##. .# #... #..
.# #... #.#
.#####... #!#
.##..)... #.# .#
...... #o# .#
....?.
#@#######.###.#...
#.gS.gg..#.$..#g..
#########.###.#.§.
#....^....
#####.#### #.####
#§.... #.#.##
######†#<##


You could see 3 gnolls, an adder and an orc.

Vanquished Creatures
  An orc priest (D:2)
  An orc wizard (D:2)
  An adder (D:2)
  3 gnolls (D:2)
  A worm (D:2)
  2 leopard geckos
  6 orcs
  5 bats
  4 giant cockroaches
  6 goblins
  12 hobgoblins
  5 jackals
  2 quokkas
  2 frilled lizards (D:1)
  5 kobolds
  7 rats
63 creatures vanquished.

Notes
Turn   | Place    | Note
-------+----------+-------------------------------------------
     0 | D:1      | gimp the Ogre Earth Elementalist began the quest for the
                  | Orb.
     0 | D:1      | Reached XP level 1. HP: 16/16 MP: 3/3
    35 | D:1      | Reached skill level 1 in Transmutations
   215 | D:1      | Reached skill level 3 in Earth Magic
   215 | D:1      | Reached XP level 2. HP: 24/24 MP: 0/5
   621 | D:1      | Reached XP level 3. HP: 31/31 MP: 5/7
   794 | D:1      | Learned a level 3 spell: Stone Arrow
  1464 | D:2      | Reached XP level 4. HP: 23/39 MP: 1/8
  1628 | D:2      | Reached skill level 4 in Earth Magic
  1913 | D:2      | Reached XP level 5. HP: 24/45 MP: 0/10
  2489 | D:2      | Gained mutation: Your muscles are strong. (Str +2) [potion
                  | of mutation]
  2489 | D:2      | Gained mutation: You are frail. (-10% HP) [potion of
                  | mutation]
  2489 | D:2      | Gained mutation: Armour fits poorly on your strangely
                  | shaped body. [potion of mutation]
  2489 | D:2      | Gained mutation: You are resistant to electric shocks.
                  | (rElec) [potion of mutation]
  2910 | D:3      | Killed by miscasting Stone Arrow

Illustrated notes

Levels and vault maps discovered:
D:1:      nicolae_arrival_somewhat_less_tricky_arrival, layout_rooms,
          minmay_misc_feat_enclosed
D:2:      cheibrodos_pilgrimage, layout_basic, minmay_misc_feat_hallway
D:3:      layout_loops_ring, tgw_fedhas

Skill      XL: |  1  2  3  4 |
---------------+-------------+-----
Transmutations | 1 2 |  2.0
Earth Magic    | 3 4 |  4.4
Spellcasting   | 3 |  3.6
Dodging        | |  1.7
Stealth        | |  1.4
Conjurations   | |  0.7

Action                   |  1- 3 |  4- 6 || total
-------------------------+-------+-------++-------
Melee: Whip              |    23 |    17 ||    40
       Mace              |     3 |    60 ||    63
 Cast: Sandblast         |    51 |     1 ||    52
       Stone Arrow       |     2 |    14 ||    16
  Use: Scroll            |       |     4 ||     4
       Potion            |       |     3 ||     3
 Stab: Sleeping          |       |     1 ||     1
Armor: Robe              |    13 |    28 ||    41
       Skin              |       |    29 ||    29
Dodge: Dodged            |    17 |    47 ||    64
